 Dungeon Crawl Stone Soup version 0.30-a0-782-ge64f9170bb (webtiles) character file.

Game seed: 18153031258104553061

490 funkygono the Firebug (level 7, -5/37 HPs)
             Began as a Gargoyle Fire Elementalist on Feb 20, 2023.
             Slain by an orc warrior
             ... wielding a +0 flail
              (7 damage)
             ... on level 7 of the Dungeon.
             The game lasted 00:07:07 (4883 turns).

funkygono the Firebug (Gargoyle Fire Elementalist)  Turns: 4883, Time: 00:07:07

Health: -5/37      AC:  8    Str: 11    XL:     7   Next: 14%
Magic:  5/13       EV: 12    Int: 18    God:
Gold:   395        SH:  0    Dex: 13    Spells: 4/14 levels left

rFire   . . .      SeeInvis .    x - +0 whip
rCold   + + .      Faith    .    (no shield)
rNeg    + + +      Spirit   .    a - +0 robe
rPois   ∞          Reflect  .    (no helmet)
rElec   +          Harm     .    (no cloak)
rCorr   .          Rampage  .    o - +1 pair of gloves "Hiumijah" {rC++ rN++ Dex+3}
Will    .....                    (no boots)
Stlth   ++                       (no amulet)
HPRegen 0.26/turn                (no ring)
MPRegen 0.13/turn                (no ring)

@: no status effects
A: sickness immunity, AC +4, negative energy resistance 1, electricity
resistance, torment resistance 1, petrification resistance
a: no special abilities


You were on level 7 of the Dungeon.
You visited 1 branch of the dungeon, and saw 5 of its levels.
You also visited: Ossuary.

You collected 395 gold pieces.

Inventory:

Hand Weapons
 j - a +0 flail
 k - a +0 falchion of draining
 x - a +0 whip (weapon)
Armour
 a - a +0 robe (worn)
 o - the +1 pair of gloves "Hiumijah" (worn) {rC++ rN++ Dex+3}
   (You found it on level 4 of the Dungeon)

   Dex:       It affects your dexterity (+3).
   rC:        It greatly protects you from cold.
   rN:        It greatly protects you from negative energy.
Wands
 n - a wand of digging (5)
Scrolls
 d - a scroll of brand weapon {unknown}
 f - 3 scrolls of fog {unknown}
 g - 4 scrolls of teleportation {unknown}
 h - 5 scrolls of magic mapping {unknown}
 i - 5 scrolls of identify {unknown}
 m - 3 scrolls of vulnerability {unknown}
 r - a scroll of amnesia {unknown}
 w - a scroll of enchant armour {unknown}
Potions
 c - a potion of heal wounds {unknown}
 e - a potion of lignification {unknown}
 l - a potion of invisibility {unknown}
 p - a potion of might {unknown}
 q - a potion of cancellation {unknown}
 s - a potion of curing {unknown}
 t - 2 potions of attraction {unknown}
 u - a potion of mutation {unknown}
 v - a potion of brilliance {unknown}


   Skills:
 + Level 0.4 Fighting
 + Level 0.2 Maces & Flails
 + Level 2.0 Dodging
 - Level 2.1 Stealth
 + Level 4.2 Spellcasting
 + Level 4.0 Conjurations
 + Level 5.2 Fire Magic


You had 4 spell levels left.
You knew the following spells:

 Your Spells              Type           Power      Damage    Failure   Level
a - Foxfire               Conj/Fire      80%        2x1d8     2%          1
b - Scorch                Fire           44%        2d7       2%          2
c - Kindle Blastsparks    Fire/Tloc/Air  20%        2d11      22%         3
d - Flame Wave            Conj/Fire      20%        2d7       22%         4

Your spell library contained the following spells:

 Spells                   Type           Power      Damage    Failure   Level
 Inner Flame              Hex/Fire       13%        N/A       14%         3


Dungeon Overview and Level Annotations

Branches:
Dungeon (4/15)            Ossuary (visited)
 Temple: D:4-7

Altars:
Fedhas
Makhleb
Yredelemnul

Annotations:
D:4 1 runed translucent door


Innate Abilities, Weirdness & Mutations

You are immune to sickness and miasma.
Your stone body is resilient. (AC +4)
You are immune to poison.
You resist negative energy. (rN+)
You are resistant to electric shocks. (rElec)
You are resistant to unholy torment.
You are immune to petrification.


Message History

The spell is quite dangerous to miscast (22% risk of failure)!
Continue anyway?
There's already a cloud here!
The orc warrior hits you with a +0 flail.
* * * LOW HITPOINT WARNING * * *
Casting: Kindle Blastsparks (quite dangerous; 22% risk of failure)
Confirm with . or Enter, or press ? or * to list all spells.
The spell is quite dangerous to miscast (22% risk of failure)!
Continue anyway?
Okay, then.
The orc priest looks satisfied for a moment.
The cloud of blastsparks explodes!
The concussive blast engulfs the orc warrior.
The orc warrior is heavily wounded.
The concussive blast engulfs the orc priest!!
The orc priest is burned terribly!
You kill the orc priest!
The concussive blast engulfs you.
* * * LOW HITPOINT WARNING * * *
You are knocked back by the blast.
The orc hits you but does no damage.
The orc hits you from afar with a +0 trident.
* * * LOW HITPOINT WARNING * * *
Casting: Kindle Blastsparks (quite dangerous; 22% risk of failure)
Confirm with . or Enter, or press ? or * to list all spells.
You conjure some foxfire!
The orc closely misses you.
Casting: Foxfire (safe; 2% risk of failure)
Confirm with . or Enter, or press ? or * to list all spells.
You conjure some foxfire!
The foxfire hits the orc warrior.
The orc warrior is severely wounded.
The foxfire hits the orc warrior but does no damage.
The orc warrior is severely wounded.
The orc barely misses you.
The orc warrior hits you with a +0 flail.
* * * LOW HITPOINT WARNING * * *
Casting: Foxfire (safe; 2% risk of failure)
Confirm with . or Enter, or press ? or * to list all spells.
You conjure some foxfire!
The foxfire hits the orc warrior.
The orc warrior is severely wounded.
The foxfire hits the orc warrior.
The orc warrior is almost dead.
The orc warrior hits you with a +0 flail!
You die...

#########
#.......#
#..§§v..#
#.§v@...#
#...o...####
#....o.....#
#....)..##..
#....)..# #
####.####
#.# #.# #.#


You could see an orc warrior (ally target) and an orc.

Vanquished Creatures
  A scorpion (D:4)
  A jelly (D:7)
  3 orc priests
  8 mummies (Ossuary)
  9 adders
  2 worms
  4 dart slugs
  7 orcs
  8 bats
  9 endoplasms
  6 giant cockroaches
  7 goblins
  8 hobgoblins
  8 jackals
  6 kobolds
  6 quokkas
  6 ball pythons
  3 frilled lizards
  A goblin skeleton (D:4)
  A goblin zombie (D:4)
  5 hobgoblin zombies (Ossuary)
  A kobold skeleton (D:4)
  3 orc zombies (Ossuary)
  5 rats
118 creatures vanquished.

Vanquished Creatures (others)
  417 foxfires
  7 fungi (D:7)
424 creatures vanquished.

Grand Total: 542 creatures vanquished

Notes
Turn   | Place    | Note
-------+----------+-------------------------------------------
     0 | D:1      | funkygono the Gargoyle Fire Elementalist began the quest
                  | for the Orb.
     0 | D:1      | Reached XP level 1. HP: 10/10 MP: 3/3
   213 | D:1      | Reached XP level 2. HP: 11/15 MP: 1/5
   330 | D:1      | Learned a level 2 spell: Scorch
   684 | D:1      | Reached XP level 3. HP: 19/19 MP: 2/6
   688 | D:1      | Learned a level 3 spell: Kindle Blastsparks
  1499 | D:2      | Reached XP level 4. HP: 24/24 MP: 3/8
  1963 | D:2      | Found a burning altar of Makhleb.
  2485 | D:3      | Found a faded altar of an unknown god.
  2549 | D:3      | Reached XP level 5. HP: 28/28 MP: 4/9
  2558 | D:3      | Learned a level 4 spell: Flame Wave
  2658 | D:3      | Reached skill level 4 in Fire Magic
  3173 | D:4      | Identified the +1 pair of gloves "Hiumijah" {rC++ rN++
                  | Dex+3}
  3190 | D:4      | Found a sand-covered staircase.
  3194 | Ossuary  | Entered an ossuary
  3496 | Ossuary  | Reached XP level 6. HP: 33/33 MP: 7/11
  4306 | D:4      | Found a runed translucent door.
  4306 | D:4      | Noticed a human
  4366 | D:4      | Found a blossoming altar of Fedhas.
  4616 | D:4      | Found a basalt altar of Yredelemnul.
  4813 | D:4      | You fall into a shaft and drop 3 floors!
  4866 | D:7      | Reached skill level 5 in Fire Magic
  4867 | D:7      | Noticed an orc warrior
  4868 | D:7      | Reached XP level 7. HP: 20/37 MP: 2/13
  4882 | D:7      | HP: 1/37 [orc warrior/+0 flail (3)]
  4883 | D:7      | Slain by an orc warrior

Illustrated notes

Levels and vault maps discovered:
D:1:      wander_arrival_chamber, layout_loops_ring, kennysheep_flooded_box
D:2:      layout_loops_cross, basic_altar
D:3:      layout_rooms, basic_ecumenical_altar
D:4:      layout_loops_cross, mainiacjoe_overflow_24_doors,
          dk_yredelemnul_ordeal, enter_ossuary_5, minmay_puff
D:7:      layout_rooms, zin_statuary, mainiacjoe_overflow_surrounded_room,
          mainiacjoe_overflow_boulevard, st_stairs_14,
          hellmonk_guarded_unrand_night

Skill      XL: |  1  2  3  4  5  6 |
---------------+-------------------+-----
Spellcasting   | 3 4 |  4.2
Conjurations   | 2 3 4 |  4.0
Fire Magic     | 4 5 |  5.2
Dodging        | 2 |  2.0
Fighting       | |  0.4
Maces & Flails | |  0.2
Stealth        | |  2.1

Action                     |  1- 3 |  4- 6 |  7- 9 || total
---------------------------+-------+-------+-------++-------
  Melee: Quarterstaff      |     1 |     1 |       ||     2
         Flail             |       |     9 |       ||     9
   Cast: Foxfire           |    67 |   176 |     7 ||   250
         Scorch            |     2 |    11 |     1 ||    14
         Kindle Blastspark |       |       |     1 ||     1
    Use: Potion            |       |       |     1 ||     1
 Armour: Robe              |    26 |    14 |     2 ||    42
  Dodge: Dodged            |    51 |    30 |     2 ||    83

Table legend: (Time is in decaauts)
 A = Elapsed time spent in this place.
 B = Non-inter-level travel time spent in this place.
 C = Inter-level travel time spent in this place.
 D = Time resting spent in this place.
 E = Time spent auto-exploring this place.
 F = Levels seen in this place.
 G = Mean time per level.
                   A        B        C        D        E       F      G
               +--------+--------+--------+--------+--------+-----+--------+
         Total |   4885 |   4833 |     52 |    222 |   3714 |   6 |  814.2 |
       Dungeon |   4287 |   4235 |     52 |     93 |   3365 |   5 |  857.4 |
       Ossuary |    597 |    597 |      0 |    129 |    349 |   1 |  597.0 |
               +--------+--------+--------+--------+--------+-----+--------+

Top non-repeatable levels by time:
     D:1: 1267 daAuts
     D:4: 1221 daAuts
     D:2: 1013 daAuts
     D:3: 715 daAuts
 Ossuary: 597 daAuts
     D:7: 69 daAuts
